 Dungeon Crawl Stone Soup version 0.29.1-14-g9c671dbff4 (webtiles) character file.

Game seed: 16121371538829336826

1169 leafyfresh the Ducker (level 8, -1/54 HPs)
             Began as a Djinni Ice Elementalist on Feb 17, 2023.
             Was an Initiate of Ashenzari.
             Slain by an orc warrior
             ... wielding a +0 war axe
              (6 damage)
             ... on level 6 of the Dungeon.
             The game lasted 00:10:03 (7661 turns).

leafyfresh the Ducker (Djinni Ice Elementalist)     Turns: 7661, Time: 00:10:04

Health: -1/54      AC:  2    Str:  7    XL:     8   Next: 68%
Gold:   349        EV: 19    Int: 19    God:    Ashenzari [......] SH:  0 Dex: 14

rFire   + + .      SeeInvis .   k - +4 rapier
rCold   x . .      Faith    .   (no shield)
rNeg    . . .      Spirit   .   a - +0 robe of the Bound Awkwardness {Self, Evo} (curse)
rPois   ∞          Reflect  .   (no helmet)
rElec   .          Harm     .   (no cloak)
rCorr   .          Rampage  .   (no gloves)
Will    .....                   (boots unavailable)
Stlth   ++........              (no amulet)
HPRegen 0.18/turn               v - +4 ring of evasion
MPRegen 0.00/turn               F - +4 ring of slaying

@: freezing walls, flying
A: sickness immunity, fire resistance 2, cold vulnerability 1, float, innate
caster, HP casting, extra vitality 1
a: Renounce Religion, Curse Item, Shatter the Chains


You were on level 6 of the Dungeon.
You worshipped Ashenzari.
Ashenzari was noncommittal.
You visited 2 branches of the dungeon, and saw 7 of its levels.

You collected 349 gold pieces.

Inventory:

Hand Weapons
 d - a +0 dagger
 k - a +4 rapier (weapon)
 p - a +2 short sword of electrocution
 s - a +0 antimagic great sword
Missiles
 j - 3 atropa-tipped darts (quivered)
 u - 2 throwing nets
Armour
 a - the cursed +0 robe of the Bound Awkwardness (worn) {Self, Evo}

   It has a curse which improves the following skills: Introspection: Fighting
   and Spellcasting.
   Evocations: Evocations.
 i - a +4 chain mail of cold resistance
 D - a +0 pair of gloves
Magical Staves
 C - a staff of conjuration
Jewellery
 n - an amulet of guardian spirit
 v - a +4 ring of evasion (left hand)
 E - a ring of wizardry
 F - a +4 ring of slaying (right hand)
Wands
 l - a wand of flame (7)
 y - a wand of roots (9)
Scrolls
 b - a scroll of fog {unknown}
 c - 3 scrolls of fear {unknown}
 e - 5 scrolls of identify {unknown}
 g - 2 scrolls of amnesia {unknown}
 q - a scroll of silence {unknown}
 r - a scroll of teleportation {unknown}
 w - a scroll of enchant weapon {unknown}
 x - 2 scrolls of magic mapping {unknown}
 A - a scroll of immolation {unknown}
 B - a scroll of blinking {unknown}
Potions
 f - a potion of flight
 h - a potion of curing {unknown}
 m - a potion of berserk rage {unknown}
 o - a potion of haste {unknown}
 t - a potion of might {unknown}
 z - a potion of attraction {unknown}


   Skills:
 + Level 1.9(2.2) Fighting
 + Level 7.5 Dodging
 - Level 2.3 Stealth
 + Level 6.0(6.4) Spellcasting


You had 2 spell levels left.
You knew the following spells:

 Your Spells              Type           Power      Damage    Failure   Level
a - Freeze                Ice            100%       1d11      1%          1
b - Frozen Ramparts       Ice            60%        1d10      2%          3
c - Ozocubu's Armour      Ice            30%        N/A       2%          3
d - Hailstorm             Conj/Ice       30%        3d8       8%          4
e - Beastly Appendage     Tmut           60%        N/A       1%          1
f - Call Imp              Summ           30%        N/A       1%          2
g - Confusing Touch       Hex            30%        N/A       2%          3
Your spell library was empty.

Dungeon Overview and Level Annotations

Branches:
Dungeon (6/15)             Temple (1/1) D:4

Altars:
Ashenzari
Elyvilon
Gozag
Hepliaklqana
Makhleb
Wu Jian
Xom
Zin
The Shining One

Shops:
D:2 [


Innate Abilities, Weirdness & Mutations

You are immune to sickness and miasma.
You are immune to poison.
Your flesh is very heat resistant. (rF++)
You are vulnerable to cold. (rC-)
You float through the air rather than walking.
You learn spells naturally, not from books.
Your magical power is your life essence.
You have superior vitality. (+4 MHP)


Message History

The wall freezes the orc warrior.
The orc warrior shoots a bolt.
The bolt hits you!!
* * * LOW HITPOINT WARNING * * *
Unknown command.
Casting: Hailstorm (dangerous; 8% risk of failure)
Confirm with . or Enter, or press ? or * to list all spells.
You don't have enough health to cast this spell.
An orc warrior is nearby!
Unknown command.
Unknown command.
Casting: Hailstorm (dangerous; 8% risk of failure)
Confirm with . or Enter, or press ? or * to list all spells.
Okay, then.
Aiming: Throw Flame
Press: ? - help, Shift-Dir - straight line, f - orc warrior
Aim: an orc warrior, wielding a +0 arbalest and wearing a +0 chain mail (lightly wounded, 64% to hit)
The puff of flame hits the orc warrior.
The orc warrior is lightly wounded.
The wall freezes the orc warrior but does no damage.
Unknown command.
It was a potion of flight.
You feel more buoyant.
The wall freezes the orc warrior but does no damage.
The orc warrior unwields a +0 arbalest.
The orc warrior wields a +0 war axe.
The orc warrior closely misses you.
Throw: 5 darts (atropa)
Press: ? - help, Q - select action, (/) - cycle Shift-Dir - straight line, f/p - orc warrior
Aim: an orc warrior, wielding a +0 war axe and wearing a +0 chain mail (lightly wounded, 61% to hit, chance to blind on hit: 61%)
You throw an atropa-tipped dart.
The atropa-tipped dart barely misses the orc warrior.
The wall freezes the orc warrior but does no damage.
The orc warrior completely misses you.
Throw: 4 darts (atropa)
Press: ? - help, Q - select action, (/) - cycle Shift-Dir - straight line, f/p - orc warrior
Aim: an orc warrior, wielding a +0 war axe and wearing a +0 chain mail (lightly wounded, 61% to hit, chance to blind on hit: 61%)
You throw an atropa-tipped dart.
The atropa-tipped dart barely misses the orc warrior.
The wall freezes the orc warrior!
The orc warrior hits you with a +0 war axe.
You die...

#.# #.........####.##$#
..#####
#.........{.)o.$...
......#
####...#####.......
#.###.# #...# ##...###
#.# #.# #...# ##.## #.#
#.# ##†## .# ..# #.###
### #)# .# ### #...#
##.###.# '# ###.#
##.#@##.# .. ####.#
##.###o#.# ##.##.# #.##
##..#
###...#.#####.###...#
......[........#....(.
###...#########.....###
##..# ##.#.## ##.#
#.### #.# #.#


You could see an orc warrior.

Vanquished Creatures
  Prince Ribbit (D:6)
  2 ogres
  Blork the orc (D:6)
  A necrophage (D:4)
  2 scorpions (D:6)
  3 hounds
  An orc priest (D:4)
  2 iguanas
  3 orc wizards
  14 gnolls
  4 adders
  3 ufetubi
  A worm (D:2)
  4 dart slugs
  20 orcs
  7 ball pythons
  7 bats
  11 endoplasms
  A giant cockroach (D:4)
  4 hobgoblins
  3 jackals (D:5)
  7 quokkas
  4 frilled lizards
  9 goblins
  A kobold (D:4)
  6 rats
122 creatures vanquished.

Vanquished Creatures (others)
  An orc wizard (D:6)
  A plant (D:4)
2 creatures vanquished.

Grand Total: 124 creatures vanquished

Notes
Turn   | Place    | Note
-------+----------+-------------------------------------------
     0 | D:1      | leafyfresh the Djinni Ice Elementalist began the quest for
                  | the Orb.
     0 | D:1      | leafyfresh set off with the following spells memorised:
                  | Freeze, Frozen Ramparts, Ozocubu's Armour, Hailstorm.
     0 | D:1      | Reached XP level 1. HP: 15/15 MP: 0/0
   410 | D:1      | Reached XP level 2. HP: 11/21 MP: 0/0
  1200 | D:2      | Found a faded altar of an unknown god.
  1255 | D:2      | Reached XP level 3. HP: 16/25 MP: 0/0
  1255 | D:2      | Learned a level 1 spell: Beastly Appendage
  1883 | D:2      | Reached skill level 3 in Dodging
  2025 | D:2      | Found Tuvvuu's Armour Emporium.
  2031 | D:2      | Reached XP level 4. HP: 24/31 MP: 0/0
  2743 | D:3      | Reached XP level 5. HP: 28/35 MP: 0/0
  2743 | D:3      | Learned a level 2 spell: Call Imp
  3121 | D:3      | Reached skill level 4 in Dodging
  3513 | D:3      | Found an opulent altar of Gozag.
  3936 | D:4      | Found a staircase to the Ecumenical Temple.
  3953 | Temple   | Entered the Ecumenical Temple
  4109 | Temple   | Became a worshipper of Ashenzari the Shackled
  4143 | D:4      | Reached XP level 6. HP: 33/40 MP: 0/0
  4871 | D:4      | Reached skill level 5 in Dodging
  5136 | D:4      | Reached XP level 7. HP: 34/45 MP: 0/0
  5136 | D:4      | Learned a level 3 spell: Confusing Touch
  5362 | D:5      | Entered Level 5 of the Dungeon
  5504 | D:5      | Reached skill level 5 in Spellcasting
  5743 | D:4      | Reached skill level 6 in Dodging
  6927 | D:6      | Noticed Prince Ribbit
  6934 | D:6      | Killed Prince Ribbit
  6935 | D:6      | Reached XP level 8. HP: 27/50 MP: 0/0
  7177 | D:6      | Reached skill level 7 in Dodging
  7252 | D:6      | Reached skill level 1 in Fighting
  7611 | D:6      | Noticed Blork the orc
  7620 | D:6      | Killed Blork the orc
  7661 | D:6      | Slain by an orc warrior

Illustrated notes

Levels and vault maps discovered:
D:1:      scummos_arrival_checkerplants, layout_rooms
D:2:      layout_loops_cross, serial_shops, nicolae_shop_window_shopping,
          basic_altar, nicolae_ecumenical_pavilion, minivault_14, nrook_uturn,
          nrook_loot_triangle
D:3:      layout_loops_cross, grunt_gozag_breadcrumbs
D:4:      layout_basic, minmay_temple_entry_overgrown
D:5:      layout_cave_pools, vehumet_crystals
D:6:      layout_loops_corners, grunt_tough_drop, uniq_prince_ribbit1,
          uniq_blork_the_orc
Temple:   nicolae_temple_ecumenical_triangle

Skill      XL: |  1  2  3  4  5  6  7  8 |
---------------+-------------------------+-----
Stealth        | 2 |  2.3
Dodging        | 3 4 5 6 7 |  7.5
Spellcasting   | 4 5 6 |  6.0
Fighting       | 1 |  1.9

Action                   |  1- 3 |  4- 6 |  7- 9 || total
-------------------------+-------+-------+-------++-------
Melee: Dagger            |    61 |       |       ||    61
       Punch             |     2 |       |       ||     2
       Rapier            |    17 |    87 |    61 ||   165
Throw: Dart              |       |       |     2 ||     2
 Cast: Freeze            |    18 |    13 |     9 ||    40
       Frozen Ramparts   |     1 |     7 |    14 ||    22
       Ozocubu's Armour  |       |     4 |     4 ||     8
       Hailstorm         |       |     5 |     7 ||    12
       Beastly Appendage |       |       |     1 ||     1
Invok: Curse Item        |       |       |     1 ||     1
Evoke: Wand              |       |       |     1 ||     1
  Use: Potion            |     1 |       |     3 ||     4
 Stab: Sleeping          |     6 |     2 |     1 ||     9
Armor: Robe              |    29 |    13 |     6 ||    48
Dodge: Dodged            |    80 |    72 |    83 ||   235
